 Dungeon Crawl Stone Soup version 0.31-a0-771-g505c3d19dc (webtiles) character file.

Game seed: 13281211829201755275

679 randomguy2701 the Shield-Bearer (level 7, -2/56 (60) HPs)
             Began as a Gnoll Fighter on Sept 16, 2023.
             Was a Follower of Okawaru.
             Slain by a killer bee (6 damage)
             ... on level 5 of the Dungeon.
             The game lasted 00:04:53 (3987 turns).

randomguy2701 the Shield-Bearer (Gnoll Fighter)     Turns: 3987, Time: 00:04:55

HP:   -2/56 (60)    AC: 13    Str: 15    XL:     7   Next: 60%
MP:   10/10         EV:  5    Int:  8    God:    Okawaru [*.....]
Gold: 132           SH:  6    Dex: 13    Spells: 11/11 levels left

rFire   + . .        a - +0 war axe
rCold   + . .        c - +0 buckler
rNeg    . . .        v - +0 plate armour
rPois   .            (no helmet)
rElec   .            w - scarf {rC+ rF+}
rCorr   .            (no gloves)
SInv    +            (no boots)
Will    .....        (no amulet) Stlth
                     g - ring of see invisible
HPRegen 0.29/turn    (no ring)
MPRegen 0.12/turn

%: no passive effects
@: brilliant, lethally poisoned (-2 -> -12), hasted, drained, very quick
A: fangs 1, strong nose, distributed training
a: Renounce Religion, Heroism


You were on level 5 of the Dungeon.
You worshipped Okawaru.
Okawaru was aware of your devotion.
You visited 1 branch of the dungeon, and saw 5 of its levels.

You collected 132 gold pieces.

Inventory:

Hand Weapons
 a - a +0 war axe (weapon)
Missiles
 b - a throwing net
Armour
 c - a +0 buckler (worn)
 v - a +0 plate armour (worn)
 w - a scarf of resistance (worn)
Jewellery
 g - a ring of see invisible (left hand)
Scrolls
 e - 5 scrolls of identify {unknown}
 f - 2 scrolls of silence {unknown}
 i - a scroll of blinking {unknown}
 k - a scroll of enchant weapon {unknown}
 l - 2 scrolls of noise {unknown}
 p - 2 scrolls of fog {unknown}
 q - 2 scrolls of amnesia {unknown}
 s - a scroll of enchant armour {unknown}
 t - a scroll of revelation {unknown}
Potions
 r - a potion of invisibility {unknown}
 u - a potion of magic {unknown}


   Skills:
 + Level 7.1 Fighting
 + Level 2.6 Short Blades
 + Level 2.6 Long Blades
 + Level 5.3 Axes
 + Level 2.6 Maces & Flails
 + Level 2.6 Polearms
 + Level 2.6 Staves
 + Level 2.6 Ranged Weapons
 + Level 2.6 Throwing
 + Level 7.1 Armour
 + Level 2.6 Dodging
 + Level 2.6 Stealth
 + Level 7.1 Shields
 + Level 2.6 Unarmed Combat
 + Level 2.6 Spellcasting
 + Level 2.1 Conjurations
 + Level 2.1 Hexes
 + Level 2.1 Summonings
 + Level 2.1 Necromancy
 + Level 2.1 Translocations
 + Level 2.1 Transmutations
 + Level 2.1 Fire Magic
 + Level 2.1 Ice Magic
 + Level 2.1 Air Magic
 + Level 2.1 Earth Magic
 + Level 2.1 Poison Magic
 + Level 2.9 Invocations
 + Level 2.6 Evocations
 + Level 2.4 Shapeshifting


You had 11 spell levels left.
You didn't know any spells.
Your spell library contained the following spells:

 Spells                   Type           Power      Damage    Failure   Level
 Freeze                   Ice            24%        1d4       100%        1
 Magic Dart               Conj           24%        1d4       100%        1
 Blink                    Tloc           12%        N/A       100%        2
 Lesser Beckoning         Tloc           12%        N/A       100%        2
 Momentum Strike          Conj/Tloc      12%        3d8       100%        2
 Frozen Ramparts          Ice            12%        1d2       100%        3
 Hailstorm                Conj/Ice       6%         3d4       100%        3
 Inner Flame              Hex/Fire       6%         N/A       100%        3
 Mephitic Cloud           Conj/Pois/Air  6%         N/A       100%        3
 Yara's Violent Unravell  Hex/Tmut       3%         3d4       100%        5
 Enfeeble                 Hex            3%         N/A       100%        7
 Call Imp                 Summ           Unusable   N/A       N/A         2

Dungeon Overview and Level Annotations

Branches:
Dungeon (5/15)
 Temple: D:4-7

Altars:
Makhleb
Okawaru
Uskayaw
Vehumet
Zin


Innate Abilities, Weirdness & Mutations

You have very sharp teeth.
Your uncanny sense of smell can sniff out nearby items.
Your experience applies equally to all skills.


Message History

The killer bee stings you but does no damage. x3
You block the killer bee's attack. The killer bee barely misses you.
The killer bee stings you.
Unknown command.
You feel very sick. The killer bee stings you.
The killer bee stings you but does no damage.
You block the killer bee's attack. The killer bee completely misses you.
You feel very sick.
There is an open door here.
You feel sick.
It was a potion of ambrosia.
You are confused.
You feel invigorated.
You feel sick. The killer bee stings you. x2
* * * LOW HITPOINT WARNING * * *
The killer bee closely misses you.
It was a potion of cancellation.
Your magical effects are unravelling.
You feel magically purged.
You feel less invigorated.
You feel less confused.
You feel a little less clever now.
You feel like a meek peon again.
You feel sick. You block the killer bee's attack.
The killer bee stings you but does no damage.
You block the killer bee's attack. x2; The killer bee stings you.
The killer bee stings you but does no damage.
You feel clever all of a sudden.
You feel sick. The killer bee barely misses you. The killer bee stings you.
* * * LOW HITPOINT WARNING * * *
The killer bee stings you but does no damage.
The killer bee stings you.
* * * LOW HITPOINT WARNING * * *
The killer bee stings you but does no damage.
You block the killer bee's attack.
It was a potion of haste.
You feel yourself speed up.
You feel sick.
The killer bee stings you but does no damage. x2
You block the killer bee's attack. The killer bee stings you.
* * * LOW HITPOINT WARNING * * *
You are lethally poisoned!
The killer bee poisons you! The killer bee stings you.
You die...

...#### .....
####....... ...>.
#..#....... '##..
#..#....... ##
#..#.......#<.
#..'.......#..#
#yy#.......##'####
####y###+##..........
#..y@y....#..........
#.........#.......... #
#.........+.......... ..
##..####..#..........
##.##..####..##.....####
#......'......#.....+...
#.....>#......#.....#...
#########..##'#.....#..#
###..#.......##..#


You could see 5 killer bees.

Vanquished Creatures
  Menkaure (D:5)
  Edmund (D:5)
  An ogre (D:5)
  A hound (D:4)
  A gnoll bouda (D:5)
  2 sleepcaps
  An orc wizard (D:4)
  6 adders
  8 gnolls
  2 worms (D:2)
  3 dart slugs
  4 orcs (D:4)
  6 ball pythons
  5 endoplasms
  A giant cockroach (D:3)
  11 goblins
  12 hobgoblins
  6 kobolds
  5 quokkas
  5 bats
  3 frilled lizards
  2 rats
87 creatures vanquished.

Notes
Turn   | Place    | Note
-------+----------+-------------------------------------------
     0 | D:1      | randomguy2701 the Gnoll Fighter began the quest for the
                  | Orb.
     0 | D:1      | Reached XP level 1. HP: 23/23 MP: 1/1
    63 | D:1      | Reached XP level 2. HP: 29/29 MP: 2/2
   735 | D:2      | Reached XP level 3. HP: 33/35 MP: 3/3
   788 | D:2      | Found a faded altar of an unknown god.
   910 | D:2      | Reached skill level 1 in Invocations
   960 | D:2      | Reached skill level 1 in Short Blades
   960 | D:2      | Reached skill level 1 in Long Blades
   960 | D:2      | Reached skill level 1 in Maces & Flails
   960 | D:2      | Reached skill level 1 in Polearms
   960 | D:2      | Reached skill level 1 in Staves
   960 | D:2      | Reached skill level 1 in Ranged Weapons
   960 | D:2      | Reached skill level 1 in Throwing
   960 | D:2      | Reached skill level 1 in Dodging
   960 | D:2      | Reached skill level 1 in Stealth
   960 | D:2      | Reached skill level 1 in Unarmed Combat
   960 | D:2      | Reached skill level 1 in Spellcasting
   960 | D:2      | Reached skill level 1 in Evocations
  1227 | D:2      | Reached XP level 4. HP: 33/41 MP: 5/5
  1301 | D:2      | Reached skill level 1 in Shapeshifting
  1474 | D:3      | Found a hide-covered altar of Uskayaw.
  1548 | D:3      | Reached skill level 1 in Conjurations
  1548 | D:3      | Reached skill level 1 in Hexes
  1548 | D:3      | Reached skill level 1 in Summonings
  1548 | D:3      | Reached skill level 1 in Necromancy
  1548 | D:3      | Reached skill level 1 in Translocations
  1548 | D:3      | Reached skill level 1 in Transmutations
  1548 | D:3      | Reached skill level 1 in Fire Magic
  1548 | D:3      | Reached skill level 1 in Ice Magic
  1548 | D:3      | Reached skill level 1 in Air Magic
  1548 | D:3      | Reached skill level 1 in Earth Magic
  1548 | D:3      | Reached skill level 1 in Poison Magic
  1737 | D:3      | Reached XP level 5. HP: 43/47 MP: 5/7
  1884 | D:3      | Found a glowing silver altar of Zin.
  2100 | D:3      | Found a burning altar of Makhleb.
  2620 | D:4      | Found an iron altar of Okawaru.
  2628 | D:4      | Became a worshipper of Warmaster Okawaru
  2691 | D:4      | Found a radiant altar of Vehumet.
  2906 | D:5      | Entered Level 5 of the Dungeon
  2948 | D:5      | Noticed Menkaure
  2976 | D:4      | Reached XP level 6. HP: 22/53 MP: 8/8
  3340 | D:5      | Reached skill level 5 in Axes
  3414 | D:5      | Killed Menkaure
  3555 | D:5      | Reached XP level 7. HP: 4/59 MP: 10/10
  3555 | D:5      | Reached * piety under Okawaru
  3556 | D:5      | HP: 1/60 [gnoll/+0 spear[a gnoll bouda] (3)]
  3852 | D:5      | Noticed Edmund
  3871 | D:5      | Killed Edmund
  3987 | D:5      | Slain by a killer bee

Illustrated notes

Levels and vault maps discovered:
D:1:      dpeg_arrival_leaves_temple_mockup, layout_loops_ring,
          minmay_misc_feat_room
D:2:      wad_lake_hut, layout_basic, shapermc_ecumenical_altar_mp_ritualfount
D:3:      layout_rooms, zin_statuary, mainiacjoe_overflow_brackets,
          lightli_temple_of_fire, chequers_avenue
D:4:      layout_basic, nicolae_vehumet_radiance, okawaru_metal_pillars_3
D:5:      layout_gridville, mainiacjoe_overflow_catwalk,
          chequers_serial_rivers_large_a, uniq_pikel, uniq_edmund, uniq_menkaure

Skill      XL: |  1  2  3  4  5  6  7 |
---------------+----------------------+-----
Invocations    | 1 2 |  2.9
Short Blades   | 1 2 |  2.6
Long Blades    | 1 2 |  2.6
Maces & Flails | 1 2 |  2.6
Polearms       | 1 2 |  2.6
Staves         | 1 2 |  2.6
Ranged Weapons | 1 2 |  2.6
Throwing       | 1 2 |  2.6
Dodging        | 1 2 |  2.6
Stealth        | 1 2 |  2.6
Unarmed Combat | 1 2 |  2.6
Spellcasting   | 1 2 |  2.6
Evocations     | 1 2 |  2.6
Shapeshifting  | 1 2 |  2.4
Conjurations   | 1 2 |  2.1
Hexes          | 1 2 |  2.1
Summonings     | 1 2 |  2.1
Necromancy     | 1 2 |  2.1
Translocations | 1 2 |  2.1
Transmutations | 1 2 |  2.1
Fire Magic     | 1 2 |  2.1
Ice Magic      | 1 2 |  2.1
Air Magic      | 1 2 |  2.1
Earth Magic    | 1 2 |  2.1
Poison Magic   | 1 2 |  2.1
Axes           | 5 |  5.3
Fighting       | 7 |  7.1
Armour         | 7 |  7.1
Shields        | 7 |  7.1

Action                     |  1- 3 |  4- 6 |  7- 9 || total
---------------------------+-------+-------+-------++-------
  Melee: War axe           |   105 |   162 |    30 ||   297
         Bite              |     5 |    17 |     1 ||    23
 Invoke: Heroism           |       |       |     2 ||     2
    Use: Potion            |       |     1 |     7 ||     8
 Armour: Scale mail        |    65 |    83 |       ||   148
         Plate armour      |       |    55 |    66 ||   121
  Dodge: Dodged            |    42 |    71 |    17 ||   130
  Block: Buckler           |    28 |    45 |    27 ||   100

Table legend: (Time is in decaauts)
 A = Elapsed time spent in this place.
 B = Non-inter-level travel time spent in this place.
 C = Inter-level travel time spent in this place.
 D = Time resting spent in this place.
 E = Time spent auto-exploring this place.
 F = Levels seen in this place.
 G = Mean time per level.
                   A        B        C        D        E       F      G
               +--------+--------+--------+--------+--------+-----+--------+
         Total |   4113 |   3898 |    215 |    209 |   2951 |   5 |  822.6 |
       Dungeon |   4113 |   3898 |    215 |    209 |   2951 |   5 |  822.6 |
               +--------+--------+--------+--------+--------+-----+--------+

Top non-repeatable levels by time:
     D:4: 1108 daAuts
     D:3: 850 daAuts
     D:2: 771 daAuts
     D:1: 717 daAuts
     D:5: 665 daAuts
